 Dungeon Crawl Stone Soup version 0.31-a0-1352-gc98d92de7d (webtiles) character file.

Game seed: 6697967710025386887

233 graki42 the Magician (level 6, -1/53 HPs)
             Began as an Oni Fire Elementalist on Dec 22, 2023.
             Slain by a gnoll
             ... wielding a +0 halberd
              (13 damage)
             ... on level 4 of the Dungeon.
             The game lasted 00:08:22 (3940 turns).

graki42 the Magician (Oni Fire Elementalist)        Turns: 3940, Time: 00:08:27

Health: -1/53      AC:  3    Str: 13    XL:     6   Next: 4%
Magic:  4/11       EV: 10    Int: 18    God:
Gold:   188        SH:  0    Dex: 15    Spells: 3/12 levels left

rFire   + . .        l - staff of earth
rCold   . . .        (no shield)
rNeg    . . .        a - +0 robe
rPois   .            (helmet restricted)
rElec   .            (no cloak)
rCorr   .            (gloves unavailable)
SInv    .            (boots unavailable)
Will    .....        (no amulet)
Stlth   ++           i - +6 ring of dexterity
HPRegen 0.28/turn    j - ring of protection from fire
MPRegen 0.12/turn

%: no passive effects
@: no status effects
A: large, unfitting armour, horns 1, tough skin 1, double potion healing,
drunken brawling
a: no special abilities


You were on level 4 of the Dungeon.
You visited 1 branch of the dungeon, and saw 4 of its levels.

You collected 188 gold pieces.

Inventory:

Armour
 a - a +0 robe (worn)
Magical Staves
 l - a staff of earth (weapon)
Jewellery
 i - a +6 ring of dexterity (left hand)
 j - a ring of protection from fire (right hand)
Scrolls
 c - a scroll of poison {unknown}
 e - a scroll of amnesia {unknown}
 k - 4 scrolls of teleportation {unknown}
 n - a scroll of noise {unknown}
 o - a scroll of fog {unknown}
 p - 4 scrolls of identify {unknown}
 r - a scroll of enchant armour {unknown}
 v - a scroll of revelation {unknown}
 w - a scroll of immolation {unknown}
Potions
 b - a potion of magic
 d - a potion of enlightenment {unknown}
 f - a potion of berserk rage {unknown}
 g - a potion of ambrosia {unknown}
 h - a potion of brilliance {unknown}
 m - a potion of heal wounds {unknown}
 q - a potion of might {unknown}
 s - 2 potions of lignification {unknown}
 t - 2 potions of curing {unknown}
 u - a potion of invisibility {unknown}


   Skills:
 - Level 2.0 Dodging
 - Level 2.0 Stealth
 + Level 3.7 Spellcasting
 + Level 2.5 Conjurations
 + Level 1.5 Hexes
 + Level 1.0 Translocations
 + Level 3.7 Fire Magic


You had 3 spell levels left.
You knew the following spells:

 Your Spells              Type           Power      Damage    Failure   Level
a - Foxfire               Conj/Fire      56%        2x1d6     4%          1
b - Scorch                Fire           32%        2d6       4%          2
c - Inner Flame           Hex/Fire       12%        N/A       16%         3
d - Volatile Blastmotes   Fire/Tloc      22%        2d11      17%         3

Your spell library contained the following spells:

 Spells                   Type           Power      Damage    Failure   Level
 Magic Dart               Conj           48%        1d5       5%          1
 Blink                    Tloc           14%        N/A       14%         2
 Call Imp                 Summ           6%         N/A       22%         2
 Flame Wave               Conj/Fire      14%        2d6       38%         4
 Chain Lightning          Conj/Air       3%         3d4       100%        9
 Fire Storm               Conj/Fire      7%         8d2       100%        9
 Shatter                  Erth           2%         3d6*      100%        9


Dungeon Overview and Level Annotations

Branches:
Dungeon (4/15)
 Temple: D:4-7

Altars:
Dithmenos

Shops:
D:3 [


Innate Abilities, Weirdness & Mutations

You are too large for most types of armour.
You have a pair of small horns on your head.
You have tough skin. (AC +1)
You gain doubled healing and magic from potions.
Whenever you drink a healing potion, you attack all around you.


Message History

The orc completely misses you.
A gnoll comes into view. It is wielding a +0 flail.
The orc barely misses you.
Casting: Foxfire (safe; 4% risk of failure)
Confirm with . or Enter, or press ? or * to list all spells.
You conjure some foxfire!
The gnoll shouts!
A gnoll comes into view. It is wielding a +0 club.
The orc closely misses you. The orc hits you with a +0 flail.
The gnoll barely misses you.
The foxfire hits the gnoll.
The gnoll is heavily wounded.
The foxfire hits the orc but does no damage.
The gnoll hits you but does no damage. The gnoll barely misses you.
The orc hits you with a +0 flail. The orc hits you with a +0 mace.
Casting: Foxfire (safe; 4% risk of failure)
Confirm with . or Enter, or press ? or * to list all spells.
You conjure some foxfire!
The orc barely misses you. The gnoll closely misses you.
The orc closely misses you. The gnoll hits you with a +0 club.
The foxfire hits the gnoll.
The gnoll is severely wounded.
The foxfire hits the orc.
The orc is heavily wounded.
The gnoll hits you but does no damage. The gnoll closely misses you.
The orc closely misses you. The orc hits you with a +0 mace.
The orc attacks as it pursues you! The orc hits you with a +0 flail.
The gnoll attacks as it pursues you! The gnoll hits you with a +0 club.
Your magical contamination has completely faded away.
Casting: Foxfire (safe; 4% risk of failure)
Confirm with . or Enter, or press ? or * to list all spells.
You conjure some foxfire!
The orc hits you with a +0 mace.
* * * LOW HITPOINT WARNING * * *
The foxfire hits the orc.
The orc is moderately wounded.
The foxfire hits the orc.
The orc is almost dead.
The orc closely misses you.
The gnoll hits you from afar with a +0 halberd!
You die...

.)..# ......### ###)####
........# ..<....# .. ..?.#
# ##..##.# #. ...##.#
....##.# .#####.###gg...###
.......# .......o..o)......
..#.#### ######g##..g.....
..#.#############o#######<..
###.##..........@..# #
.##.##............ยง#
..#.##.............#
..#................#
..###..............# ..#
###...........## #
..######..######### ##
........#...## ###.
.######.#....## #...


You could see a gnoll and 2 orcs.

Vanquished Creatures
  A howler monkey (D:4)
  An iguana (D:4)
  Jessica (D:3)
  Natasha (D:3)
  3 adders
  A bombardier beetle (D:3)
  A worm (D:2)
  A dart slug (D:1)
  6 orcs (D:4)
  5 endoplasms
  3 giant cockroaches
  6 goblins
  5 hobgoblins
  10 kobolds
  6 quokkas
  6 ball pythons
  4 bats
  2 frilled lizards (D:1)
  6 rats
69 creatures vanquished.

Vanquished Creatures (others)
  213 foxfires
213 creatures vanquished.

Grand Total: 282 creatures vanquished

Notes
Turn   | Place    | Note
-------+----------+-------------------------------------------
     0 | D:1      | graki42 the Oni Fire Elementalist began the quest for the
                  | Orb.
     0 | D:1      | Reached XP level 1. HP: 16/16 MP: 3/3
    15 | D:1      | Reached skill level 1 in Conjurations
   154 | D:1      | Reached XP level 2. HP: 24/24 MP: 3/5
   157 | D:1      | Learned a level 2 spell: Scorch
   513 | D:1      | Reached XP level 3. HP: 31/31 MP: 5/7
   561 | D:1      | Learned a level 3 spell: Inner Flame
  1880 | D:2      | Found a shadowy altar of Dithmenos.
  2462 | D:3      | Noticed Natasha
  2467 | D:3      | Killed Natasha
  2468 | D:3      | Reached XP level 4. HP: 39/39 MP: 3/8
  2575 | D:3      | Noticed Jessica
  2579 | D:3      | Killed Jessica
  2580 | D:3      | Reached skill level 1 in Hexes
  2580 | D:3      | Reached XP level 5. HP: 45/45 MP: 3/10
  2794 | D:3      | Learned a level 3 spell: Volatile Blastmotes
  3048 | D:3      | Found Ozujobb's Armour Emporium.
  3766 | D:4      | Reached skill level 1 in Translocations
  3766 | D:4      | Reached XP level 6. HP: 53/53 MP: 7/11
  3940 | D:4      | Slain by a gnoll

Illustrated notes

Levels and vault maps discovered:
D:1:      amcnicky_arrival_single_pillar, layout_loops_ring
D:2:      layout_loops_corners, basic_altar, minmay_misc_feat_rugged,
          minmay_liquid_box, kennysheep_doodads
D:3:      layout_basic, serial_shops, nicolae_shop_just_a_little_nook,
          uniq_jessica, uniq_natasha
D:4:      layout_basic

Skill      XL: |  1  2  3  4  5 |
---------------+----------------+-----
Conjurations   | 1 2 |  2.5
Dodging        | 2 |  2.0
Fire Magic     | 3 |  3.7
Spellcasting   | 3 |  3.7
Stealth        | 2 |  2.0
Hexes          | 1 |  1.5
Translocations | 1 |  1.0

Action                     |  1- 3 |  4- 6 || total
---------------------------+-------+-------++-------
  Melee: Staff             |     1 |       ||     1
   Cast: Foxfire           |    73 |    55 ||   128
 Armour: Robe              |     8 |    31 ||    39
  Dodge: Dodged            |     7 |    20 ||    27

Table legend: (Time is in decaauts)
 A = Elapsed time spent in this place.
 B = Non-inter-level travel time spent in this place.
 C = Inter-level travel time spent in this place.
 D = Time resting spent in this place.
 E = Time spent auto-exploring this place.
 F = Levels seen in this place.
 G = Mean time per level.
                   A        B        C        D        E       F      G
               +--------+--------+--------+--------+--------+-----+--------+
         Total |   3938 |   3883 |     55 |      0 |   3458 |   4 |  984.5 |
       Dungeon |   3938 |   3883 |     55 |      0 |   3458 |   4 |  984.5 |
               +--------+--------+--------+--------+--------+-----+--------+

Top non-repeatable levels by time:
     D:1: 1274 daAuts
     D:3: 1207 daAuts
     D:2: 933 daAuts
     D:4: 522 daAuts
